 Dungeon Crawl Stone Soup version 0.18.1-51-gd549091e01 (webtiles) character file.

20792 magog001 the Blocker (level 12, -12/110 HPs)
             Began as a Minotaur Fighter on Sept 27, 2021.
             Was an Elder of Nemelex Xobeh.
             Mangled by a death yak (19 damage)
             ... on level 5 of the Lair of Beasts on Nov 15, 2021.
             The game lasted 01:43:21 (18145 turns).

magog001 the Blocker (Minotaur Fighter)            Turns: 18145, Time: 01:43:23

Health: -12/110    AC: 36    Str: 33    XL:     12   Next: 48%
Magic:  11/11      EV:  8    Int:  3    God:    Nemelex Xobeh [****..]
Gold:   252        SH:  0    Dex:  9    Spells: 0 memorised, 11 levels left

rFire  . . .     SeeInvis +     h - +2 scythe (protect)
rCold  . . .     Gourm    .     C - +10 plate armour of Complete Protection {Str+4}
rNeg   . . .     Faith    .     (shield currently unavailable)
rPois  .         Spirit   .     u - +2 hat
rElec  .         Dismiss  .     e - +0 cloak of Vehumet's Wrath {MR+}
rCorr  .         Reflect  .     (no gloves)
SustAt .         Harm     .     (no boots)
MR     +++..                    D - amulet of regeneration
Stlth  ..........               (no ring)
                                B - ring of the Ego {MR+ SInv}

@: exhausted, slowed, very slow, extremely resistant to hostile enchantments,
extremely unstealthy
A: retaliatory headbutt, horns 2, slimy green scales 1, dopey 1, magic
resistance 1, strong 1
a: Triple Draw, Deal Four, Renounce Religion


You were on level 5 of the Lair of Beasts.
You worshipped Nemelex Xobeh.
Nemelex Xobeh was greatly pleased with you.
You were not hungry.

You visited 4 branches of the dungeon, and saw 15 of its levels.
You also visited: Labyrinth and Sewer.

You collected 540 gold pieces.
You spent 288 gold pieces at shops.

Inventory:

Hand Weapons
 b - a +0 hunting sling
 h - a +2 scythe of protection (weapon)
Missiles
 i - 129 sling bullets
 r - 13 tomahawks
 I - 3 tomahawks of returning (quivered)
Armour
 e - the +0 cloak of Vehumet's Wrath (worn) {MR+}
   (You found it on level 4 of the Dungeon)

   It affects your resistance to hostile enchantments.
 u - a +2 hat (worn)
 C - the +10 plate armour of Complete Protection (worn) {Str+4}
   (You took it off a minotaur in a labyrinth)

   It affects your strength (+4).
Jewellery
 p - an uncursed ring of stealth
 B - the ring of the Ego (left hand) {MR+ SInv}
   (You found it in a labyrinth)

   [ring of protection from magic]

   It affects your resistance to hostile enchantments.
   It lets you see invisible.
 D - an amulet of regeneration (around neck)
 O - a +3 ring of dexterity
Wands
 g - a wand of polymorph (8/24)
 o - a wand of flame (44/48)
 q - a wand of disintegration (14/24)
 w - a wand of enslavement (10/24)
 x - a wand of confusion (16/48)
 G - a wand of polymorph (7/24)
 K - a wand of iceblast (12/15)
 R - a wand of flame (26/48)
 T - a wand of disintegration (6/24)
 W - a wand of confusion (21/48)
Scrolls
 c - 2 scrolls of random uselessness
 j - 3 scrolls of identify
 s - 4 scrolls of fear
 v - a scroll of noise {unknown}
 A - 5 scrolls of remove curse
 E - a scroll of fog
 M - 2 scrolls of teleportation
 Q - 3 scrolls of amnesia
 Y - a scroll of acquirement {unknown}
Potions
 a - a potion of agility {unknown}
 k - 2 potions of flight
 l - 2 potions of magic
 z - a potion of haste
 J - a potion of resistance
Books
 X - the Grimoire of Creative Combat Magic
   (You found it in a labyrinth)

   Spells                             Type                      Level
   a - Sting                          Conjuration/Poison           1
   b - Summon Ice Beast               Ice/Summoning                4
   c - Shadow Creatures               Summoning                    6
   d - Dragon's Call                  Summoning                    9
 Z - a Grand Grimoire

   Spells                             Type                      Level
   a - Monstrous Menagerie            Summoning                    7
   b - Summon Greater Demon           Summoning                    7
   c - Malign Gateway                 Summoning/Translocation      7
   d - Summon Horrible Things         Summoning                    8
Miscellaneous
 m - a plain deck of destruction
 n - an ornate deck of war
 y - an ornate deck of destruction {drawn: 1}
 F - a plain deck of escape
 U - a plain deck of destruction
Comestibles
 d - 6 royal jellies
 f - 11 bread rations
 L - 16 fruits


   Skills:
 * Level 11.4 Fighting
   Level 5.8 Long Blades
   Level 9.8(10.2) Axes
 * Level 4.2(7.6) Polearms
 - Level 3.3(3.6) Slings
 * Level 1.7(2.6) Throwing
 * Level 13.1 Armour
 + Level 2.0 Stealth
   Level 13.1 Shields


You had 11 spell levels left.
You didn't know any spells.

Dungeon Overview and Level Annotations

Branches:
Dungeon (8/15)             Temple (1/1) D:7            Lair (5/8) D:8
 Spider (1/4) Lair:3
  Swamp: Lair:3-6    Shoals: Lair:3-6

Altars:
Cheibriados
Dithmenos
Elyvilon
Fedhas
Gozag
Kikubaaqudgha
Makhleb
Nemelex Xobeh
Okawaru
Pakellas
Qazlal
Ru
Sif Muna
Trog
Vehumet
Xom
Yredelemnul
The Shining One

Shops:
D:5 :   D:7 ?   D:8 %


Innate Abilities, Weirdness & Mutations

You reflexively headbutt those who attack you in melee.
You have a pair of horns on your head.
You are partially covered in slimy green scales (AC +2).
You are dopey. (Int -2)
You are resistant to hostile enchantments.
Your muscles are strong. (Str +2)


Message History

The death yak barely misses you.
You are no longer berserk.
You are exhausted.
You feel yourself slow down.
You see here a death yak corpse.
You hit the death yak but do no damage.
The death yak is lightly wounded.
The death yak completely misses you. You furiously retaliate!
You headbutt the death yak. The death yak barely misses you.
You barely miss the death yak. Your headbutt misses the death yak.
The death yak is lightly wounded.
The death yak barely misses you.
The death yak gores you but does no damage.
You barely miss the death yak. You headbutt the death yak.
The death yak is lightly wounded.
The death yak gores you.
* * * LOW HITPOINT WARNING * * *
The death yak gores you!!
You die...
Your body glows slightly and disappears.

....#..........#.#
#...........
..........#...#..#
#...........
..........#.....##
.#........>.
#.#.........#...#
#......>....
P.......#..#....##
#...........
......#..##..##..#
#...........
.....##...#...#.†##
#...........
..........Y#....#Y#
#.#.#... #P....
....#...@## ###...
..#...#...# . .
YY##...#..# .
......### # ......
P ...... . . ... .
.... .


You could see a death yak.

Vanquished Creatures
  A minotaur (Lab)
  4 death yaks (Lair:5)
  A cyclops (D:6)
  2 black mambas (Lair:4)
  8 spiny frogs
  4 komodo dragons
  A queen bee (Lair:1)
  2 jumping spiders (Lair:3)
  4 blink frogs (Lair:4)
  2 redbacks (Lair:3)
  18 yaks
  Eustachio (D:4)
  A basilisk (Lair:4)
  5 hippogriffs
  10 water moccasins
  9 porcupines
  A black bear (D:6)
  2 orc warriors
  A wasp (D:8)
  A sky beast (D:8)
  4 ogres
  5 wolves
  A centaur (D:6)
  7 crocodiles
  Blork the orc (D:5)
  14 giant frogs
  2 big kobolds
  A wyvern zombie (D:6)
  A wyvern skeleton (D:5)
  2 scorpions
  22 killer bees
  A howler monkey (D:8)
  2 crimson imps
  A jelly (D:6)
  A quasit (D:6)
  A hound (D:5)
  8 orc priests
  A giant frog skeleton (D:7)
  2 orc wizards (D:7)
  Jessica (D:3)
  8 iguanas
  3 worker ants
  A killer bee zombie (D:6)
  A hound skeleton (D:8)
  Robin (D:4)
  4 gnolls (D:4)
  A howler monkey skeleton (D:6)
  9 adders
  43 river rats
  2 shadow imps
  3 oozes
  An adder zombie (D:8)
  An adder skeleton (D:6)
  4 worms
  3 giant geckos
  28 orcs
  11 bats
  10 giant cockroaches
  17 goblins
  8 hobgoblins
  11 jackals
  12 kobolds
  3 quokkas
  4 ball pythons
  3 giant newts
  A jackal skeleton (D:5)
  A quokka zombie (D:7)
  19 rats
  5 fungi
  4 plants
378 creatures vanquished.

Vanquished Creatures (collateral kills)
  An elephant (Lair:2)
  A hippogriff (Lair:2)
  A water moccasin (Lair:2)
3 creatures vanquished.

Vanquished Creatures (others)
  25 fungi
  9 plants
34 creatures vanquished.

Grand Total: 415 creatures vanquished

Notes
Turn   | Place    | Note
--------------------------------------------------------------
     0 | D:1      | magog001 the Minotaur Fighter began the quest for the Orb.
     0 | D:1      | Reached XP level 1. HP: 19/19 MP: 0/0
   165 | D:1      | Reached XP level 2. HP: 27/27 MP: 1/1
   683 | D:1      | Reached XP level 3. HP: 33/33 MP: 2/2
   766 | D:1      | Found an iron altar of Okawaru.
  1455 | D:2      | Reached XP level 4. HP: 40/40 MP: 3/3
  1985 | D:2      | Found a shadowy altar of Dithmenos.
  2118 | D:3      | Noticed Jessica
  2159 | D:3      | Killed Jessica
  2159 | D:3      | Reached skill level 5 in Shields
  2332 | D:3      | Noticed an ogre
  2337 | D:3      | Killed an ogre
  2337 | D:3      | Reached XP level 5. HP: 27/47 MP: 4/4
  2735 | D:3      | Reached skill level 5 in Armour
  3266 | D:3      | Reached XP level 6. HP: 36/53 MP: 5/5
  3473 | D:4      | Noticed Eustachio
  3493 | D:4      | Killed Eustachio
  3493 | D:4      | Reached skill level 5 in Fighting
  3493 | D:4      | Reached skill level 1 in Stealth
  4164 | D:4      | Got a spiked cloak
  4172 | D:4      | Found a white marble altar of Elyvilon.
  4215 | D:4      | Reached XP level 7. HP: 49/61 MP: 6/6
  4235 | D:4      | Noticed Robin
  4242 | D:4      | Killed Robin
  4510 | D:4      | Identified the +0 cloak of Vehumet's Wrath {MR+} (You found it on level 4 of the Dungeon)
  4703 | D:4      | Found a stormy altar of Qazlal.
  4704 | D:4      | Noticed a water elemental
  4706 | D:4      | Noticed a fire elemental
  4706 | D:4      | Noticed an air elemental
  4792 | D:5      | Entered Level 5 of the Dungeon
  4806 | D:5      | Reached skill level 5 in Axes
  5305 | D:5      | Found Sise Ofenuq's Book Emporium.
  5397 | D:5      | Noticed Blork the orc
  5412 | D:5      | Killed Blork the orc
  5727 | D:5      | Reached XP level 8. HP: 61/70 MP: 7/7
  6019 | D:6      | Found a glowing drain.
  6025 | Sewer    | Entered a sewer
  6128 | Sewer    | Found a white marble altar of Elyvilon.
  6243 | D:6      | Noticed a cyclops
  6256 | D:6      | Killed a cyclops
  6892 | D:6      | Found a radiant altar of Vehumet.
  7457 | D:6      | Reached XP level 9. HP: 51/78 MP: 8/8
  7686 | D:7      | Found a staircase to the Ecumenical Temple.
  7694 | Temple   | Entered the Ecumenical Temple
  7736 | Temple   | Became a worshipper of Nemelex Xobeh the Trickster
  7944 | D:7      | Received a gift from Nemelex Xobeh
  7981 | D:7      | Found Qoth's Magic Scroll Emporium.
  7995 | D:7      | Bought a scroll of remove curse for 36 gold pieces
  7995 | D:7      | Bought a scroll of enchant weapon for 90 gold pieces
  7995 | D:7      | Bought a scroll of identify for 24 gold pieces
  7995 | D:7      | Bought a scroll of teleportation for 36 gold pieces
  7995 | D:7      | Bought a scroll of magic mapping for 42 gold pieces
  7995 | D:7      | Bought a scroll of identify for 24 gold pieces
  8085 | D:7      | Found a burning altar of Makhleb.
  8085 | D:7      | Found an oddly glowing altar of Pakellas.
  8192 | D:7      | Found a blossoming altar of Fedhas.
  8953 | D:7      | Bought a scroll of remove curse for 36 gold pieces
  9070 | D:8      | Reached * piety under Nemelex Xobeh
  9096 | D:8      | Found Xeakhenom's Food Emporium.
  9251 | D:8      | Found a staircase to the Lair.
  9254 | D:8      | Gained mutation: You are dopey. (Int -2) [mutagenic meat]
  9255 | D:8      | Gained mutation: You are resistant to hostile enchantments. [mutagenic meat]
  9256 | D:8      | Gained mutation: Your muscles are strong. (Str +2) [mutagenic meat]
  9257 | D:8      | Gained mutation: You are partially covered in slimy green scales (AC +2). [mutagenic meat]
  9554 | D:8      | Received a gift from Nemelex Xobeh
  9786 | D:8      | Reached skill level 10 in Armour
  9885 | D:8      | Reached XP level 10. HP: 89/89 MP: 9/9
 10307 | Lair:1   | Entered Level 1 of the Lair of Beasts
 10660 | Lair:1   | Reached skill level 1 in Long Blades
 11206 | Lair:1   | Reached skill level 10 in Shields
 11418 | Lair:1   | Noticed a spiny frog
 11426 | Lair:1   | Killed a spiny frog
 12029 | Lair:1   | Noticed a spiny frog
 12057 | Lair:1   | Killed a spiny frog
 12369 | Lair:1   | Noticed a spiny frog
 12377 | Lair:1   | Killed a spiny frog
 12812 | Lair:1   | Reached XP level 11. HP: 71/97 MP: 10/10
 13511 | Lair:2   | Received a gift from Nemelex Xobeh
 13769 | Lair:2   | Reached skill level 1 in Slings
 13864 | Lair:2   | Reached ** piety under Nemelex Xobeh
 14692 | Lair:2   | Reached skill level 10 in Fighting
 14998 | Lair:3   | Got a turquoise-encrusted ring mail
 15009 | Lair:3   | Identified the +3 ring mail "Urgheusocau" {rF+ Regen+ Str-3} (You found it on level 3 of the Lair of Beasts)
 15763 | Lair:3   | Received a gift from Nemelex Xobeh
 15863 | Lair:3   | Found a hole to the Spider Nest.
 15985 | Spider:1 | Entered Level 1 of the Spider Nest
 16214 | Lair:3   | Reached skill level 5 in Long Blades
 16439 | Lair:4   | Found a labyrinth entrance.
 16492 | Lab      | Entered a labyrinth
 16591 | Lab      | Reached *** piety under Nemelex Xobeh
 16678 | Lab      | Noticed a minotaur
 16688 | Lab      | Killed a minotaur
 16690 | Lab      | Got a twisted plate armour
 16708 | Lab      | Identified the Grimoire of Creative Combat Magic
 16719 | Lab      | Identified the +10 plate armour of Complete Protection {Str+4} (You took it off a minotaur in a labyrinth)
 16722 | Lab      | Got a glittering brass ring
 16724 | Lab      | Identified the ring of the Ego {MR+ SInv} (You found it in a labyrinth)
 16758 | Lair:4   | Reached XP level 12. HP: 98/107 MP: 11/11
 16880 | Lair:4   | Received a gift from Nemelex Xobeh
 17157 | Lair:4   | Reached skill level 1 in Polearms
 17454 | Lair:4   | Reached skill level 1 in Throwing
 17815 | Lair:5   | Received a gift from Nemelex Xobeh
 17927 | Lair:5   | Reached **** piety under Nemelex Xobeh
 18102 | Lair:5   | Noticed a death yak
 18103 | Lair:5   | Noticed a death yak
 18103 | Lair:5   | Noticed a death yak
 18103 | Lair:5   | Noticed a death yak
 18118 | Lair:5   | Noticed a death yak
 18128 | Lair:5   | Killed a death yak
 18133 | Lair:5   | Killed a death yak
 18137 | Lair:5   | Killed a death yak
 18140 | Lair:5   | HP: 7/165 [death yak (19)]
 18141 | Lair:5   | Killed a death yak
 18145 | Lair:5   | Mangled by a death yak

Skill      XL: |  1  2  3  4  5  6  7  8  9 10 11 12 |
---------------+-------------------------------------+-----
Fighting       | 4 5 6 8 9 10 11 | 11.4
Shields        | 4 5 6 7 8 9 11 12 13 | 13.1
Armour         | 4 5 7 8 10 11 12 13 | 13.1
Axes           | 3 4 5 7 9 |  9.8
Stealth        | 1 2 |  2.0
Long Blades    | 2 5 |  5.8
Slings         | 3 |  3.3
Polearms       | 4 |  4.2
Throwing       | 1 |  1.7

Action                   |  1- 3 |  4- 6 |  7- 9 | 10-12 || total
-------------------------+-------+-------+-------+-------++-------
Melee: War axe           |    70 |   118 |   325 |     4 ||   517
       Headbutt          |     9 |    22 |    58 |   202 ||   291
       Falchion          |       |       |       |   711 ||   711
       Scythe            |       |       |       |   115 ||   115
Throw: Tomahawk          |       |       |       |     3 ||     3
Evoke: Wand              |       |     1 |       |    11 ||    12
       Deck              |       |       |       |     5 ||     5
  Use: Scroll            |       |     2 |    14 |    10 ||    26
       Potion            |       |     7 |     5 |    12 ||    24
 Stab: Distracted        |       |       |       |     1 ||     1
       Sleeping          |       |       |       |     1 ||     1
  Eat: Chunk             |     2 |     4 |    16 |    13 ||    35
       Meat ration       |       |     1 |     1 |     2 ||     4
       Royal jelly       |       |       |     1 |     2 ||     3
       Fruit             |       |       |       |     2 ||     2
       Bread ration      |       |       |       |     1 ||     1
       Beef jerky        |       |       |       |     1 ||     1
Armor: Scale mail        |    46 |    63 |    11 |       ||   120
       Chain mail        |       |       |   146 |   225 ||   371
       Ring mail         |       |       |       |   152 ||   152
       Skin              |       |       |       |    14 ||    14
       Plate armour      |       |       |       |   141 ||   141
Dodge: Dodged            |    27 |    39 |   133 |   406 ||   605
Block: Shield            |    50 |    78 |    26 |       ||   154
       Buckler           |       |       |   122 |   426 ||   548
